 Dungeon Crawl Stone Soup version 0.27-a0-1193-g8631133539 (webtiles) character file.

Game seed: 15315897736770610588

515 c557223 the Ruffian (level 7, -7/67 HPs)
             Began as a Troll Fighter on May 26, 2021.
             Was a Priest of Lugonu.
             Mangled by an orc warrior
             ... wielding a +0 mace
              (14 damage)
             ... on level 4 of the Dungeon.
             The game lasted 00:15:53 (3928 turns).

c557223 the Ruffian (Troll Fighter)                 Turns: 3928, Time: 00:15:53

Health: -7/67      AC:  8    Str: 33    XL:     7   Next: 0%
Magic:  6/6        EV:  8    Int:  4    God:    Lugonu [***...]
Gold:   101        SH: 10    Dex:  9    Spells: 6/6 levels left

rFire    . . .     SeeInvis .     - Unarmed
rCold    . . .     Faith    .   b - +0 kite shield
rNeg     . . .     Spirit   .   a - +0 robe
rPois    .         Reflect  .   (helmet restricted)
rElec    .         Harm     .   (no cloak)
rCorr    .         Rampage  .   (gloves unavailable)
Will     .....                  (boots unavailable)
Stlth    +.........             (no amulet)
HPRegen  1.21/turn              e - +6 ring of strength
MPRegen  0.10/turn              l - +4 ring of protection

@: about to teleport
A: large, unfitting armour, claws 3, regeneration 1, shaggy fur 1, tough skin 1
a: Renounce Religion, Depart the Abyss, Bend Space, Banish


You were on level 4 of the Dungeon.
You worshipped Lugonu.
Lugonu was most pleased with you.
You visited 1 branch of the dungeon, and saw 4 of its levels.

You collected 201 gold pieces.
You spent 100 gold pieces at shops.

Inventory:

Hand Weapons
 g - a +0 flail
 h - a -3 dagger
 m - a +3 falchion
 q - a +2 whip of electrocution
Missiles
 s - a throwing net (quivered)
Armour
 a - a +0 robe (worn)
 b - a +0 kite shield (worn)
Magical Staves
 r - a staff of fire
Jewellery
 e - a +6 ring of strength (left claw)
 l - a +4 ring of protection (right claw)
 n - an amulet of guardian spirit
Wands
 p - a wand of digging (2)
Scrolls
 d - a scroll of magic mapping
 i - a scroll of amnesia {unknown}
 o - 3 scrolls of teleportation
 t - a scroll of silence {unknown}
 u - a scroll of enchant armour {unknown}
 v - a scroll of fog {unknown}
Potions
 c - a potion of might
 f - a potion of lignification {unknown}
 j - a potion of mutation {unknown}
 k - a potion of curing


   Skills:
 + Level 3.0 Fighting
 + Level 3.8 Dodging
 + Level 0.5 Stealth
 + Level 4.0 Shields
 + Level 4.8 Unarmed Combat


You had 6 spell levels left.
You didn't know any spells.
Your spell library contained the following spells:

 Spells                   Type           Power      Damage    Failure   Level
 Corona                   Hex            0%         N/A       86%         1
 Ensorcelled Hibernation  Hex/Ice        0%         N/A       94%         2
 Confusing Touch          Hex            0%         N/A       99%         3
 Dazzling Flash           Conj/Hex       0%         N/A       99%         3
 Tukima's Dance           Hex            0%         N/A       99%         3


Dungeon Overview and Level Annotations

Branches:
Dungeon (4/15)             Temple (0/1) D:4

Altars:
Lugonu

Shops:
D:1 *   D:3 *


Innate Abilities, Weirdness & Mutations

You are too large for most types of armour.
You have claws for hands.
Your natural rate of healing is unusually fast.
You are covered in fur. (AC +1)
You have tough skin. (AC +1)


Message History

Lugonu accepts your kill. You block the orc warrior's attack.
The orc closely misses you. The orc barely misses you.
You block the orc's attack.
You have reached level 7!
You barely miss the orc. You block the orc warrior's attack.
You block the orc's attack.
The orc hits you with a +2 mace of holy wrath.
The orc hits you with a +0 trident.
You closely miss the orc. You block the orc warrior's attack.
You block the orc's attack.
The orc hits you with a +2 mace of holy wrath.
The orc hits you but does no damage.
You completely miss the orc.
The orc warrior hits you with a +0 mace!
You block the orc's attack. x2; The orc hits you with a +0 trident.
You claw the orc!
You kill the orc!
Lugonu accepts your kill. You block the orc warrior's attack.
The orc closely misses you. The orc hits you with a +0 trident.
The orc warrior closely misses you. You block the orc's attack. x2
Things that are here:
a +0 whip; a +0 leather armour You barely miss the orc.
The orc warrior barely misses you. You block the orc's attack.
The orc hits you with a +0 trident.
The orc warrior hits you with a +0 mace!
* * * LOW HITPOINT WARNING * * *
You closely miss the orc. You block the orc's attack.
The orc completely misses you.
The orc warrior hits you with a +0 mace!
* * * LOW HITPOINT WARNING * * *
You scratch the orc.
The orc is severely wounded.
You block the orc's attack. The orc hits you with a +0 trident.
* * * LOW HITPOINT WARNING * * *
The orc warrior barely misses you.
As you read the scroll of teleportation, it crumbles to dust.
You feel strangely unstable. You block the orc's attack. x2
The orc warrior hits you with a +0 mace!
You die...

#######.#.#
#.........#
#.#####.###
##########.#.....#
..............####
# ..............#
# ..........#...#
# .......o..#...#
# .......@..#...#
# .......oo.#...#
# .....[....#...#
.........)#...#
..........#...#
....>.....#
..........#
###########


You could see an orc warrior and 2 orcs.

Vanquished Creatures
  Grinder (D:3)
  A scorpion (D:3)
  A jelly (D:4)
  A hound (D:3)
  7 gnolls
  2 adders (D:4)
  2 worms (D:3)
  4 dart slugs
  9 orcs
  5 endoplasms
  3 giant cockroaches
  7 goblins
  8 hobgoblins
  3 jackals
  8 kobolds
  A quokka (D:3)
  6 ball pythons
  10 bats
  5 frilled lizards
  13 rats
97 creatures vanquished.

Notes
Turn   | Place    | Note
-------+----------+-------------------------------------------
     0 | D:1      | c557223 the Troll Fighter began the quest for the Orb.
     0 | D:1      | Reached XP level 1. HP: 22/22 MP: 0/0
    32 | D:1      | Reached XP level 2. HP: 26/29 MP: 1/1
   324 | D:1      | Reached XP level 3. HP: 36/36 MP: 2/2
   492 | D:1      | Found Ujoveev's Assorted Antiques.
   517 | D:1      | Found a faded altar of an unknown god.
   530 | D:1      | Became a worshipper of Lugonu the Unformed
   530 | D:1      | Reached * piety under Lugonu
   530 | D:1      | Reached ** piety under Lugonu
  2224 | D:3      | Reached XP level 4. HP: 44/44 MP: 3/3
  2233 | D:3      | Noticed a scorpion
  2245 | D:3      | Killed a scorpion
  2336 | D:3      | Noticed Grinder
  2336 | D:3      | Paralysed by Grinder for 2 turns
  2342 | D:3      | Paralysed by Grinder for 5 turns
  2373 | D:3      | Paralysed by Grinder for 3 turns
  2431 | D:3      | Killed Grinder
  2432 | D:3      | Reached XP level 5. HP: 25/52 MP: 4/4
  2432 | D:3      | Reached XP level 6. HP: 28/59 MP: 5/5
  2710 | D:3      | Found Epeuh's Assorted Antiques.
  2727 | D:3      | Bought a scroll of identify for 50 gold pieces
  2727 | D:3      | Bought a scroll of identify for 50 gold pieces
  2902 | D:3      | Reached *** piety under Lugonu
  3388 | D:4      | Found a staircase to the Ecumenical Temple.
  3910 | D:4      | Noticed an orc warrior
  3920 | D:4      | Reached XP level 7. HP: 46/67 MP: 6/6
  3928 | D:4      | Mangled by an orc warrior

Illustrated notes

Levels and vault maps discovered:
D:1:      minmay_arrival_open_corners, layout_loops_cross,
          ebering_ecumenical_altar_rust, serial_shops,
          nicolae_shop_behind_doors, minmay_bisected
D:2:      layout_basic
D:3:      minmay_inner_zag, layout_loops_ring, serial_shops, shop, st_stairs_11,
          minmay_joined_circles, uniq_grinder
D:4:      layout_basic, minmay_temple_entry_purple_smoke

Skill      XL: |  1  2  3  4  5  6 |
---------------+-------------------+-----
Dodging        | 3 |  3.8
Shields        | 3 4 |  4.0
Unarmed Combat | 4 |  4.8
Fighting       | 3 |  3.0
Stealth        | |  0.5

Action                   |  1- 3 |  4- 6 |  7- 9 || total
-------------------------+-------+-------+-------++-------
Melee: Unarmed           |   134 |   122 |     7 ||   263
  Use: Scroll            |     1 |     6 |     1 ||     8
       Potion            |       |     1 |       ||     1
Armor: Robe              |   102 |    58 |     1 ||   161
Dodge: Dodged            |    71 |    45 |     5 ||   121
Block: Kite shield       |   101 |    70 |    14 ||   185

Table legend: (Time is in decaauts)
 A = Elapsed time spent in this place.
 B = Non-inter-level travel time spent in this place.
 C = Inter-level travel time spent in this place.
 D = Time resting spent in this place.
 E = Time spent auto-exploring this place.
 F = Levels seen in this place.
 G = Mean time per level.
                   A        B        C        D        E       F      G
               +--------+--------+--------+--------+--------+-----+--------+
         Total |   3944 |   3923 |     21 |      0 |   2305 |   4 |  986.0 |
       Dungeon |   3944 |   3923 |     21 |      0 |   2305 |   4 |  986.0 |
               +--------+--------+--------+--------+--------+-----+--------+

Top non-repeatable levels by time:
     D:2: 1447 daAuts
     D:3: 1080 daAuts
     D:1: 779 daAuts
     D:4: 637 daAuts
